 Dungeon Crawl Stone Soup version 0.18.1-48-g4cf74bf (webtiles) character file.

489 Drashi the Covered (level 6, -2/56 HPs)
             Began as a Minotaur Fighter on Aug 10, 2016.
             Was a Follower of Okawaru.
             Slain by an ogre
             ... wielding a +0 giant club
              (19 damage)
             ... on level 4 of the Dungeon.
             The game lasted 00:08:24 (2964 turns).

Drashi the Covered (Minotaur Fighter)               Turns: 2964, Time: 00:08:24

Health: -2/56      AC:  7    Str: 22    XL:     6   Next: 90%
Magic:  5/5        EV:  9    Int:  5    God:    Okawaru [*.....]
Gold:   135        SH:  5    Dex: 10    Spells: 0 memorised, 5 levels left

rFire  . . .     SeeInvis .     a - +0 war axe
rCold  . . .     Gourm    .     b - +0 scale mail
rNeg   . . .     Faith    .     l - +0 buckler
rPois  .         Spirit   .     (helmet restricted)
rElec  .         Dismiss  .     (no cloak)
rCorr  .         Reflect  .     (no gloves)
SustAt .         Harm     .     (no boots)
MR     .....                    (no amulet)
Stlth  ..........               (no ring)
                                (no ring)

@: lethally poisoned (-2 -> -4), not resistant to hostile enchantments,
extremely unstealthy
A: retaliatory headbutt, horns 2
a: Heroism, Renounce Religion


You were on level 4 of the Dungeon.
You worshipped Okawaru.
Okawaru was aware of your devotion.
You were not hungry.

You visited 1 branch of the dungeon, and saw 4 of its levels.
You also visited: Ossuary.

You collected 135 gold pieces.

Inventory:

Hand Weapons
 a - a +0 war axe (weapon)
Armour
 b - a +0 scale mail (worn)
 c - a +0 shield
 l - a +0 buckler (worn)
Scrolls
 d - a scroll of amnesia {unknown}
 g - 2 scrolls of immolation {unknown}
 h - a scroll of fog {unknown}
 i - 8 scrolls of remove curse {unknown}
 n - 3 scrolls of identify {unknown}
 o - 2 scrolls of noise {unknown}
 p - a scroll of random uselessness {unknown}
 q - a scroll of teleportation {unknown}
 t - a scroll of recharging {unknown}
Potions
 e - a potion of invisibility {unknown}
 k - 2 potions of haste {unknown}
 m - 2 potions of degeneration {unknown}
 s - 3 potions of curing {unknown}
Comestibles
 f - 4 bread rations
 j - a meat ration
 r - a slice of pizza
 u - 2 chunks of flesh


   Skills:
 + Level 5.6 Fighting
 + Level 4.8 Axes
 + Level 5.9 Armour
 + Level 5.5 Shields


You had 5 spell levels left.
You didn't know any spells.

Dungeon Overview and Level Annotations

Branches:
Dungeon (4/15)
 Temple: D:4-7

Altars:
Okawaru


Innate Abilities, Weirdness & Mutations

You reflexively headbutt those who attack you in melee.
You have a pair of horns on your head.


Message History

You slash the ogre!
The ogre is heavily wounded.
You closely miss the worker ant.
You feel sick. The ogre hits you but does no damage.
The worker ant closely misses you.
You hit the ogre but do no damage.
The ogre is heavily wounded.
You closely miss the worker ant.
You feel sick.
The worker ant bites you but does no damage.
The ogre hits you with a giant club! The worker ant closely misses you.
You furiously retaliate!
You headbutt the worker ant. You hit the ogre. You headbutt the ogre.
The ogre is severely wounded.
You hit the worker ant.
The worker ant is severely wounded.
The worker ant misses you. You furiously retaliate!
You headbutt the worker ant!
You kill the worker ant!
Okawaru accepts your kill. The ogre hits you with a giant club!!
You die...

######## ##......##
#........## #####
......O...## #...#
.......@...# ##...
...........# #...
...........##########...
...............)........
######..................
###................
##...............
###.............
###.............


You could see an ogre.

Vanquished Creatures
  A sky beast (D:3)
  An ogre (D:4)
  A scorpion (D:4)
  3 orc wizards (D:4)
  A worker ant (D:4)
  An iguana (D:4)
  A mummy (D:4)
  5 adders
  2 worms (D:3)
  A dart slug (D:3)
  A giant gecko (D:3)
  5 orcs (D:4)
  2 ball pythons (D:3)
  5 bats
  4 giant cockroaches
  3 goblins
  4 hobgoblins
  6 jackals
  3 kobolds
  A quokka (D:2)
  4 giant newts
  A jackal skeleton (D:4)
  10 rats
66 creatures vanquished.

Notes
Turn   | Place    | Note
--------------------------------------------------------------
     0 | D:1      | Drashi the Minotaur Fighter began the quest for the Orb.
     0 | D:1      | Reached XP level 1. HP: 19/19 MP: 0/0
   283 | D:1      | Reached XP level 2. HP: 16/27 MP: 1/1
  1075 | D:2      | Reached XP level 3. HP: 29/33 MP: 2/2
  1678 | D:3      | Noticed a sky beast
  1692 | D:3      | Killed a sky beast
  1692 | D:3      | Reached XP level 4. HP: 3/41 MP: 3/3
  1692 | D:3      | Reached XP level 5. HP: 3/47 MP: 4/4
  2018 | D:3      | Found an iron altar of Okawaru.
  2030 | D:3      | Became a worshipper of Warmaster Okawaru
  2174 | D:3      | Reached skill level 5 in Fighting
  2576 | D:4      | Noticed an ogre
  2581 | D:4      | Killed an ogre
  2581 | D:4      | Reached skill level 5 in Armour
  2581 | D:4      | Reached skill level 5 in Shields
  2581 | D:4      | Reached XP level 6. HP: 51/56 MP: 5/5
  2868 | D:4      | Found a sand-covered staircase.
  2876 | Ossuary  | Entered an ossuary
  2876 | Ossuary  | Noticed a wraith
  2876 | Ossuary  | Noticed a wraith
  2876 | Ossuary  | Noticed a wraith
  2904 | D:4      | Reached * piety under Okawaru
  2964 | D:4      | Slain by an ogre

Skill      XL: |  1  2  3  4  5 |
---------------+----------------+-----
Shields        | 4 5 |  5.5
Fighting       | 4 5 |  5.6
Axes           | 3 4 |  4.8
Armour         | 4 5 |  5.9

Action                   |  1- 3 |  4- 6 || total
-------------------------+-------+-------++-------
Melee: War axe           |   101 |    83 ||   184
       Headbutt          |     8 |    10 ||    18
  Use: Potion            |     1 |       ||     1
  Eat: Chunk             |     3 |     4 ||     7
Armor: Scale mail        |    56 |    43 ||    99
Dodge: Dodged            |    39 |    39 ||    78
Block: Shield            |    24 |       ||    24
       Buckler           |    13 |    10 ||    23
